 Dungeon Crawl Stone Soup version 0.20-a0-909-g1a4ba80 (webtiles) character file.

104 AlphabetPasta the Caller (level 4, -6/31 HPs)
             Began as a Spriggan Summoner on Mar 22, 2017.
             Was an Initiate of Gozag.
             Killed by divine providence
             ... invoked by an orc priest
              (10 damage)
             ... on level 3 of the Dungeon.
             The game lasted 00:16:44 (2389 turns).

AlphabetPasta the Caller (Spriggan Summoner)        Turns: 2389, Time: 00:16:45

Health: -6/31      AC: 11    Str:  9    XL:     4   Next: 52%
Magic:  9/9        EV: 19    Int: 16    God:    Gozag
Gold:   204        SH:  0    Dex: 17    Spells: 3/9 levels left

rFire    + . .     SeeInvis +   b - +1 short sword (protect)
rCold    . . .     Gourm    .   p - +0 robe {rF+}
rNeg     . . .     Faith    .   (shield restricted)
rPois    .         Spirit   .   j - +2 hat
rElec    .         Reflect  .   (no cloak)
rCorr    .         Harm     .   (gloves unavailable)
MR       .....                  (boots unavailable)
Stlth    ..........             (no amulet)
Regen    0.1/turn               m - ring of stealth
MPRegen  0.2/turn               k - +2 ring of slaying

@: berserking, gold aura, protection aura, very slightly contaminated, hasted,
very quick
A: unfitting armour, see invisible, herbivore 3, speed 3, slow metabolism 2
a: Potion Petition, Call Merchant, Bribe Branch, Renounce Religion


You were on level 3 of the Dungeon.
You worshipped Gozag.
Gozag was aware of your devotion.
You were not hungry.

You visited 1 branch of the dungeon, and saw 3 of its levels.

You collected 230 gold pieces.
You paid 26 gold pieces to Gozag.

Inventory:

Hand Weapons
 a - a +0 dagger
 b - a +1 short sword of protection (weapon)
 d - a +0 club
 i - a +0 hunting sling
Armour
 e - a +0 robe
 j - a +2 hat (worn)
 p - a +0 robe of fire resistance (worn)
Jewellery
 k - a +2 ring of slaying (left hand)
 m - a ring of stealth (right hand)
Scrolls
 n - a scroll of remove curse
 o - a scroll of enchant armour {unknown}
 r - a scroll of enchant weapon {unknown}
 s - a scroll of amnesia {unknown}
 t - a scroll of teleportation
Potions
 f - a potion of haste
Books
 q - a book of Callings

   Spells                             Type                      Level
   a - Summon Small Mammal            Summoning                    1
   b - Call Imp                       Summoning                    2
   c - Call Canine Familiar           Summoning                    3
   d - Summon Guardian Golem          Hexes/Summoning              3
   e - Summon Lightning Spire         Summoning/Air                4
   f - Summon Ice Beast               Ice/Summoning                4
Comestibles
 c - a bread ration
 h - 9 fruits


   Skills:
 + Level 0.8 Fighting
 * Level 2.0 Short Blades
 + Level 3.6 Dodging
 + Level 3.4 Stealth
 + Level 3.3 Spellcasting
 * Level 3.9 Summonings


You had 3 spell levels left.
You knew the following spells:

 Your Spells              Type           Power        Failure   Level  Hunger
a - Summon Small Mammal   Summ           ###.         4%          1    None
b - Call Imp              Summ           ###.....     8%          2    ##.....
c - Call Canine Familiar  Summ           ###.....     12%         3    ###....


Dungeon Overview and Level Annotations

Branches:
Dungeon (3/15)

Altars:
Dithmenos
Gozag

Shops:
D:2 *


Innate Abilities, Weirdness & Mutations

You are very small and have problems with some larger weapons.
You are too small for most types of armour.
You have supernaturally acute eyesight. (SInv)
You are a herbivore.
You cover ground extremely quickly.
You need consume almost no food.


Message History

The orc is heavily wounded.
The orc misses you.
You hit the orc.
You kill the orc!
Your Short Blades skill increases to level 2!
You closely miss the orc priest.
The orc priest is severely wounded.
You barely miss the orc priest.
The orc priest is severely wounded.
The orc priest hits you with a morningstar.
* * * LOW HITPOINT WARNING * * *
It was a potion of berserk rage.
A red film seems to cover your vision as you go berserk!
You feel yourself moving faster!
You feel mighty!
You hit the orc priest.
The orc priest is almost dead.
The orc priest invokes the aid of Beogh against you.
Beogh smites you!
You die...
Your body crumbles into a pile of gold.

.... ### #.# ##### ..
#.# ..... ###.##.#
##### #......#
#......#
#......########
#.....o##.....###
#....soo@........
#.....###.....########
###.#####....##......#
#..........##.####.#
#######....##.# #.#.#
#....##.# #.#.#
#.......# #.#.#
##....#### #.#.#
#.....# #.#.#


You could see an orc priest, an orc wizard (invisible), an orc and a giant
cockroach.

Vanquished Creatures
  Jessica (D:2)
  2 adders
  An ooze (D:2)
  A worm (D:3)
  2 dart slugs
  An orc (D:3)
  2 giant cockroaches
  7 goblins
  5 jackals
  12 bats
  2 frilled lizards (D:1)
  8 kobolds
  3 rats
47 creatures vanquished.

Vanquished Creatures (collateral kills)
  A giant cockroach (D:1)
  2 goblins (D:1)
  3 hobgoblins (D:1)
  A jackal (D:1)
  A ball python (D:1)
  2 bats (D:1)
  A rat (D:1)
11 creatures vanquished.

Grand Total: 58 creatures vanquished

Notes
Turn   | Place    | Note
-------+----------+-------------------------------------------
     0 | D:1      | AlphabetPasta the Spriggan Summoner began the quest for the Orb.
     0 | D:1      | Reached XP level 1. HP: 9/9 MP: 5/5
    95 | D:1      | Reached XP level 2. HP: 8/13 MP: 6/6
   128 | D:1      | Learned a level 2 spell: Call Imp
  1026 | D:1      | Reached XP level 3. HP: 16/16 MP: 8/8
  1031 | D:1      | Learned a level 3 spell: Call Canine Familiar
  1374 | D:2      | Found Gozag's Platinum Reserve.
  1432 | D:2      | Found an opulent altar of Gozag.
  1501 | D:2      | Reached skill level 1 in Short Blades
  1580 | D:2      | Noticed Jessica
  1584 | D:2      | Killed Jessica
  1584 | D:2      | Reached XP level 4. HP: 18/21 MP: 9/9
  1863 | D:2      | Became a worshipper of Gozag Ym Sagoz the Greedy
  2235 | D:3      | Found a shadowy altar of Dithmenos.
  2367 | D:3      | HP: 1/21 [orc priest/divine providence (7)]
  2389 | D:3      | Killed from afar by an orc priest

Vault maps used:
D:1:      arrival_zaba_pyramid
D:2:      nicolae_gozag_zags_fifth_avenue, uniq_jessica
D:3:      lemuel_round_altar, uniq_grinder

Skill      XL: |  1  2  3  4 |
---------------+-------------+-----
Spellcasting   | 3 |  3.3
Short Blades   | 1 2 |  2.0
Fighting       | |  0.8
Dodging        | |  3.6
Stealth        | |  3.4
Summonings     | |  3.9

Action                   |  1- 3 |  4- 6 || total
-------------------------+-------+-------++-------
Melee: Club              |    10 |       ||    10
       Dagger            |   167 |    11 ||   178
       Short sword       |       |    74 ||    74
 Cast: Summon Small Mamm |    21 |       ||    21
       Call Imp          |     1 |       ||     1
       Call Canine Famil |     1 |       ||     1
Invok: Potion Petition   |       |     1 ||     1
  Use: Scroll            |     5 |       ||     5
       Potion            |       |     4 ||     4
 Stab: Sleeping          |    10 |     2 ||    12
       Distracted        |       |     1 ||     1
Armor: Robe              |    22 |    11 ||    33
Dodge: Dodged            |   174 |    41 ||   215
